 Dungeon Crawl Stone Soup version 0.19-a0-1049-g462a813 (webtiles) character file.

102 tsouns the Chiller (level 4, 0/34 HPs)
             Began as a Draconian Ice Elementalist on July 31, 2016.
             Killed by nerve-wracking pain
             ... invoked by an orc priest
              (7 damage)
             ... on level 3 of the Dungeon.
             The game lasted 00:08:19 (2390 turns).

tsouns the Chiller (Draconian Ice Elementalist)     Turns: 2390, Time: 00:08:20

Health: 0/34       AC:  7    Str: 13    XL:     4   Next: 49%
Magic:  6/8        EV: 12    Int: 17    God:
Gold:   132        SH:  0    Dex: 11    Spells: 3 memorised, 3 levels left

rFire  . . .     SeeInvis .     d - +1 hand axe
rCold  . . .     Gourm    .     (armour unavailable)
rNeg   . . .     Faith    .     (no shield)
rPois  .         Spirit   .     (helmet restricted)
rElec  .         Dismiss  .     e - +0 cloak
rCorr  .         Reflect  .     q - +0 pair of gloves
SustAt .         Harm     .     (no boots)
MR     .....                    (no amulet)
Stlth  ++........               (no ring)
                                p - +3 ring of strength

@: not resistant to hostile enchantments, unstealthy
A: unfitting armour, cold-blooded, AC +5
a: no special abilities


You were on level 3 of the Dungeon.
You were not hungry.

You visited 1 branch of the dungeon, and saw 4 of its levels.

You collected 132 gold pieces.

Inventory:

Hand Weapons
 d - a +1 hand axe (weapon)
Missiles
 h - 14 tomahawks (quivered)
Armour
 e - a +0 cloak (worn)
 q - a +0 pair of gloves (worn)
Jewellery
 p - a +3 ring of strength (left hand)
Scrolls
 g - 3 scrolls of fear
Potions
 i - a potion of haste {unknown}
 j - a potion of agility
 k - a potion of brilliance {unknown}
 l - 3 potions of curing {unknown}
 m - a potion of flight {unknown}
 r - a potion of mutation {unknown}
Books
 a - a book of Frost

   Spells                             Type                      Level
   a - Freeze                         Ice                          1
   b - Throw Frost                    Conjuration/Ice              2
   c - Ozocubu's Armour               Charms/Ice                   3
   d - Throw Icicle                   Conjuration/Ice              4
   e - Summon Ice Beast               Ice/Summoning                4
Comestibles
 b - 2 bread rations
 c - a chunk of flesh
 n - 3 fruits


   Skills:
 - Level 0.4 Fighting
 - Level 2.0 Dodging
 - Level 1.7 Stealth
 + Level 3.0 Spellcasting
 - Level 1.0 Conjurations
 * Level 4.4 Ice Magic


You had 3 spell levels left.
You knew the following spells:

 Your Spells              Type           Power        Failure   Level  Hunger
a - Freeze                Ice            ###.         2%          1    None
b - Throw Frost           Conj/Ice       ##....       12%         2    ##.....
c - Ozocubu's Armour      Chrm/Ice       ##......     24%         3    ###....


Dungeon Overview and Level Annotations

Branches:
Dungeon (4/15)
 Temple: D:4-7

Altars:
Okawaru
Pakellas

Annotations:
D:3 Conn321's ghost, amateur DEFE; Purgy


Innate Abilities, Weirdness & Mutations

Your plain brown scales are hard. (AC +5)
Your body does not fit into most forms of armour.
You are cold-blooded and may be slowed by cold attacks.


Message History

You hear the slow rusting of a very distant drain.
There is a stone staircase leading up here.
There is a stone staircase leading up here.
You climb upwards.
Level annotation: Conn321's ghost, amateur DEFE The orc priest shouts!
The orc priest invokes the aid of Beogh against you.
Pain shoots through your body!
* * * LOW HITPOINT WARNING * * *
Purgy the Meek comes into view.
Purgy shouts!
There is a stone staircase leading down here.
Unknown command.
A goblin comes into view.
The orc shouts!
Found an escape hatch in the floor.
The goblin shouts!
The orc priest invokes the aid of Beogh against you.
Pain shoots through your body!
You die...

*,* #.#.# #. **,**
*,.....#......# #(
*,,.***#,###..###g.### *.
*,,....#.#...^.o...# **
*,,,*#...>@#.......# ##
*****###.####.######*****#.
#,,,...# *,,,,,,.. ***#####
*,******# *,* # *,* # *,* #
*,**** # *,,,,* #


You could see an orc priest and a goblin.

Vanquished Creatures
  Jessica (D:2)
  An adder (D:2)
  A worm (D:2)
  4 dart slugs
  2 giant geckos (D:1)
  A ball python (D:2)
  9 bats
  5 giant cockroaches
  4 goblins
  7 hobgoblins
  A jackal (D:1)
  A quokka (D:2)
  2 giant newts
  7 kobolds
  5 rats
51 creatures vanquished.

Vanquished Creatures (others)
  A plant (D:2)
1 creature vanquished.

Grand Total: 52 creatures vanquished

Notes
Turn   | Place    | Note
-------+----------+-------------------------------------------
     0 | D:1      | tsouns the Draconian Ice Elementalist began the quest for the Orb.
     0 | D:1      | Reached XP level 1. HP: 14/14 MP: 3/3
   189 | D:1      | Reached XP level 2. HP: 6/20 MP: 0/5
   652 | D:1      | Learned a level 2 spell: Throw Frost
   979 | D:1      | Reached XP level 3. HP: 26/27 MP: 1/6
  1441 | D:2      | Found an oddly glowing altar of Pakellas.
  1446 | D:2      | Noticed Jessica
  1457 | D:2      | Killed Jessica
  1457 | D:2      | Reached skill level 4 in Ice Magic
  1461 | D:2      | Reached XP level 4. HP: 29/34 MP: 1/8
  1466 | D:2      | Learned a level 3 spell: Ozocubu's Armour
  2177 | D:3      | Found an iron altar of Okawaru.
  2283 | D:3      | Noticed Conn321's ghost (amateur DEFE)
  2329 | D:4      | Noticed an ogre
  2381 | D:3      | Noticed Purgy
  2390 | D:3      | Killed from afar by an orc priest

Vault maps used:
D:1:      dpeg_arrival_oval, serial_bayou_pond_b
D:2:      wad_lake_hut, grunt_pakellas_salt, minmay_tall_x, uniq_jessica
D:3:      old_standard_altar, first_bread, uniq_purgy
D:4:      lightli_sewer_entry_pipes

Skill      XL: |  1  2  3  4 |
---------------+-------------+-----
Dodging        | 2 |  2.0
Ice Magic      | 4 |  4.4
Spellcasting   | 3 |  3.0
Fighting       | |  0.4
Stealth        | |  1.7
Conjurations   | |  1.0

Action                   |  1- 3 |  4- 6 || total
-------------------------+-------+-------++-------
Melee: Hand axe          |    19 |     7 ||    26
       Tailslap          |     2 |       ||     2
Throw: Tomahawk          |     2 |       ||     2
 Cast: Freeze            |    46 |    36 ||    82
       Throw Frost       |       |     2 ||     2
  Use: Scroll            |       |     5 ||     5
 Stab: Sleeping          |     1 |       ||     1
  Eat: Chunk             |     2 |     3 ||     5
Armor: Skin              |    21 |    17 ||    38
Dodge: Dodged            |    50 |    18 ||    68
